 Dungeon Crawl Stone Soup version 0.29-a0-88-g03a7b78be7 (webtiles) character file.

Game seed: 8203927682818301310

7 enile the Chiller (level 1, 0/15 HPs)
             Began as a Demonspawn Ice Elementalist on Feb 5, 2022.
             Slain by a bat (1 damage)
             ... on level 1 of the Dungeon.
             The game lasted 00:00:25 (229 turns).

enile the Chiller (Demonspawn Ice Elementalist)      Turns: 229, Time: 00:00:25

Health: 0/15       AC:  2    Str:  8    XL:     1   Next: 83%
Magic:  0/3        EV: 12    Int: 16    God:
Gold:   0          SH:  0    Dex: 13    Spells: 3/4 levels left

rFire   . . .      SeeInvis .   (no weapon)
rCold   . . .      Faith    .   (no shield)
rNeg    . . .      Spirit   .   a - +0 robe
rPois   .          Reflect  .   (no helmet)
rElec   .          Harm     .   (no cloak)
rCorr   .          Rampage  .   (no gloves)
Will    .....                   (no boots)
Stlth   ++........              (no amulet)
HPRegen 0.05/turn               (no ring)
MPRegen 0.08/turn               (no ring)

@: very slightly contaminated
A: no striking features
a: no special abilities


You were on level 1 of the Dungeon.
You visited 1 branch of the dungeon, and saw 1 of its levels.

Inventory:

Armour
 a - a +0 robe (worn)
Scrolls
 d - a scroll of identify {unknown}
Potions
 b - a potion of brilliance {unknown}
 c - a potion of might {unknown}


   Skills:
 + Level 1.5 Fighting
 - Level 1.7 Dodging
 - Level 1.7 Stealth
 - Level 2.0 Spellcasting
 - Level 3.6 Ice Magic


You had 3 spell levels left.
You knew the following spells:

 Your Spells              Type           Power      Damage    Failure   Level
a - Freeze                Ice            52%        1d7       4%          1

Your spell library contained the following spells:

 Spells                   Type           Power      Damage    Failure   Level
 Frozen Ramparts          Ice            26%        1d4       14%         3
 Ozocubu's Armour         Ice            13%        N/A       14%         3
 Hailstorm                Conj/Ice       7%         3d4       69%         4


Dungeon Overview and Level Annotations

Branches:
Dungeon (1/15)

Altars:


Message History

You are too injured to fight recklessly!
You hit the endoplasm but do no damage.
The endoplasm is almost dead.
The endoplasm hits you.
You hit the endoplasm.
The endoplasm is almost dead.
The endoplasm freezes you.
You are frozen.
* * * LOW HITPOINT WARNING * * *
You hit the endoplasm.
You kill the endoplasm!
The bat hits you but does no damage.
You hit the bat.
The bat is severely wounded.
The bat barely misses you. The bat barely misses you.
Casting: Freeze (safe; 4% risk of failure)
Confirm with . or Enter, or press ? or * to list all spells.
Aiming: Freeze (safe; 4% risk of failure)
Press: ? - help, Shift-Dir - straight line, f - bat
Aim: a bat (severely wounded)
You miscast Freeze.
You are very lightly contaminated with residual magic.
Nothing appears to happen.
The bat barely misses you.
You miss the bat.
The bat is severely wounded.
The bat hits you.
* * * LOW HITPOINT WARNING * * *
The bat closely misses you. The bat hits you but does no damage.
You hit the bat but do no damage.
The bat is severely wounded.
The bat hits you but does no damage. The bat barely misses you.
Casting: Freeze (safe; 4% risk of failure)
Confirm with . or Enter, or press ? or * to list all spells.
You don't have enough magic to cast this spell.
You closely miss the bat.
The bat is severely wounded.
The bat hits you.
You die...

.#.#......# #......###.###.#
.#.#......# #......# #.# #.#
.#.#.#....# #......# .# #.#
.#.#.##...# #......# #.#
⌠#.#⌠.....###......#######.#
##.#####..#................#
..<.........#..........#####
##.#####..######'####### #.#
...# #@# #.# #...# #b# #.#
....# #.# #.# .....# #.# #.#
.....#.....).......
#.#.....##.####.####### ..#
..# #..#


You could see a bat.

Vanquished Creatures
  A dart slug (D:1)
  An endoplasm (D:1)
  A goblin (D:1)
  A frilled lizard (D:1)
  A rat (D:1)
5 creatures vanquished.

Notes
Turn   | Place    | Note
-------+----------+-------------------------------------------
     0 | D:1      | enile the Demonspawn Ice Elementalist began the quest for
                  | the Orb.
     0 | D:1      | Reached XP level 1. HP: 13/13 MP: 3/3
    48 | D:1      | Reached skill level 1 in Fighting
   229 | D:1      | Slain by a bat

Illustrated notes

Levels and vault maps discovered:
D:1:      matt_arrival_grand_opening, layout_basic,
          shapermc_ecumenical_altar_pompeii, chequers_jeans,
          chequers_decorated_corner

Skill      XL: |  1 |
---------------+----+-----
Fighting       | 1 |  1.5
Dodging        | |  1.7
Stealth        | |  1.7
Spellcasting   | |  2.0
Ice Magic      | |  3.6

Action                   || total
-------------------------++-------
Melee: Unarmed           ||    10
 Cast: Freeze            ||     6
Armor: Robe              ||     5
Dodge: Dodged            ||     9

Table legend: (Time is in decaauts)
 A = Elapsed time spent in this place.
 B = Non-inter-level travel time spent in this place.
 C = Inter-level travel time spent in this place.
 D = Time resting spent in this place.
 E = Time spent auto-exploring this place.
 F = Levels seen in this place.
 G = Mean time per level.
                   A        B        C        D        E       F      G
               +--------+--------+--------+--------+--------+-----+--------+
         Total |    229 |    229 |      0 |      0 |    192 |   1 |  229.0 |
       Dungeon |    229 |    229 |      0 |      0 |    192 |   1 |  229.0 |
               +--------+--------+--------+--------+--------+-----+--------+

Top non-repeatable levels by time:
     D:1: 229 daAuts
